 Dungeon Crawl Stone Soup version 0.24.0-1-gfbc8707 (webtiles) character file.

Game seed: 7738187733822478082, levelgen mode: deterministic

1360 Illumine the Chopper (level 8, -1/68 HPs)
             Began as a Deep Dwarf Fighter on Oct 30, 2019.
             Was a Believer of Okawaru.
             Slain by an orc warrior
             ... wielding a +0 war axe
              (19 damage)
             ... on level 7 of the Dungeon.
             The game lasted 00:06:15 (4016 turns).

Illumine the Chopper (Deep Dwarf Fighter)           Turns: 4016, Time: 00:06:15

Health: -1/68      AC: 17    Str: 22    XL:     8   Next: 37%
Magic:  5/6        EV:  7    Int:  9    God:    Okawaru [**....]
Gold:   417        SH: 10    Dex: 12    Spells: 7/7 levels left

rFire    . . .     SeeInvis .   a - +0 war axe
rCold    . . .     Gourm    .   c - +0 shield
rNeg     . . .     Faith    .   r - +0 chain mail
rPois    .         Spirit   .   (no helmet)
rElec    .         Reflect  .   w - +0 cloak
rCorr    .         Harm     .   (no gloves)
MR       +....                  l - +0 pair of boots
Stlth    ..........             (no amulet)
HPRegen  0.00/turn              k - +5 ring of protection
MPRegen  0.10/turn              (no ring)

@: non-regenerating, heavily drained
A: damage resistance, heal wounds, sense surroundings 1, no regeneration
a: Heal Wounds, Heroism, Renounce Religion


You were on level 7 of the Dungeon.
You worshipped Okawaru.
Okawaru was pleased with you.
You were hungry.

You visited 1 branch of the dungeon, and saw 7 of its levels.

You collected 417 gold pieces.

Inventory:

Hand Weapons
 a - a +0 war axe (weapon)
Missiles
 h - 3 throwing nets (quivered)
 x - 8 curare-tipped darts
Armour
 b - a +0 scale mail
 c - a +0 shield (worn)
 l - a +0 pair of boots (worn)
 r - a +0 chain mail (worn)
 w - a +0 cloak (worn)
Jewellery
 k - a +5 ring of protection (left hand)
 v - an uncursed ring of see invisible
Scrolls
 j - 2 scrolls of identify
 n - a scroll of blinking {unknown}
 p - 3 scrolls of enchant weapon {unknown}
 q - 2 scrolls of random uselessness {unknown}
 s - 2 scrolls of fog {unknown}
 t - 2 scrolls of amnesia {unknown}
 u - 3 scrolls of magic mapping {unknown}
 y - a scroll of teleportation {unknown}
 z - 3 scrolls of remove curse {unknown}
Potions
 d - 2 potions of might
 e - a potion of curing
 g - a potion of resistance
 i - a potion of brilliance
 m - 2 potions of heal wounds
 o - a potion of cancellation
 A - 3 potions of agility
 B - 2 potions of flight
Comestibles
 f - 15 rations


   Skills:
 - Level 2.6(1.5) Fighting
 * Level 7.5(6.2) Axes
 + Level 5.9(4.7) Armour
 + Level 4.6(3.4) Dodging
 + Level 6.0(4.8) Shields


You had 7 spell levels left.
You didn't know any spells.
Your spell library contained the following spells:

 Spells                   Type           Power        Failure   Level  Hunger
 Magic Dart               Conj           #...         100%        1    ##.....
 Blink                    Tloc           N/A          100%        2    ###....
 Call Imp                 Summ           #.......     100%        2    ###....
 Poisonous Vapours        Pois/Air       #.....       100%        2    ###....
 Slow                     Hex            #.......     100%        2    ###....
 Conjure Flame            Conj/Fire      #.......     100%        3    ####...
 Mephitic Cloud           Conj/Pois/Air  #.......     100%        3    ####...
 Freezing Cloud           Conj/Ice/Air   #.........   100%        6    #######
 Ring of Flames           Chrm/Fire      #.........   100%        7    #######


Dungeon Overview and Level Annotations

Branches:
Dungeon (7/15)             Temple (0/1) D:5

Altars:
Ashenzari
Hepliaklqana
Nemelex Xobeh
Okawaru

Annotations:
D:5 2 transporters


Innate Abilities, Weirdness & Mutations

You are resistant to damage.
You can heal yourself by infusing magical energy.
You passively map a small area around you.
You do not regenerate.


Message History

Okawaru accepts your kill. You block the wight's attack.
The wight barely misses you. You block the orc warrior's attack.
You feel like a meek peon again. The wight barely misses you.
You block the wight's attack. The wight hits you but does no damage.
The orc warrior closely misses you.
Found a +0 robe.
Things that are here:
a +0 flail of protection; an orc corpse You hit the wight but do no damage.
Your chain mail prevents you from hitting the orc warrior.
You hit the wight. You block the wight's attack.
The wight hits you from afar with a cursed +0 trident.
The wight hits you from afar with a +3 halberd!
* * * LOW HITPOINT WARNING * * *
You feel drained.
* * * LOW HITPOINT WARNING * * *
The wight barely misses you.
The orc warrior hits you with a +0 war axe!!
You die...

...#............... ..#
.................... ,
,, ,
###(..#............. ,
##....##.......# ,
#..............# ** ,
......##.......### # . ,
......##......%..# .#...
,
##.............)##......
...........#....@zo.....
..............##oz......
,
........##....##zz...>..
........##...###.#......
.......###...#*###......
........#....# ...... ,
, ........##.... ,
,#...[ ........##..###*,
.... ..........#.#* , *


You could see an orc warrior, 4 wights and an orc.

Vanquished Creatures
  An ice beast (D:6)
  An orc warrior (D:6)
  2 phantoms
  2 centaurs
  A wight (D:7)
  A crimson imp (D:6)
  3 orc priests
  2 hounds
  8 orc wizards
  A bullfrog zombie (D:7)
  A bullfrog skeleton (D:7)
  An iguana (D:5)
  2 worker ants
  A worker ant zombie (D:4)
  8 gnolls
  4 adders
  2 shadow imps (D:6)
  2 worms
  2 dart slugs
  5 leopard geckos
  12 orcs
  9 bats
  4 giant cockroaches
  6 hobgoblins
  6 jackals
  5 kobolds
  5 quokkas
  2 ball pythons
  7 frilled lizards
  14 goblins
  A quokka skeleton (D:5)
  13 rats
134 creatures vanquished.

Vanquished Creatures (others)
  An orc wizard (D:6)
1 creature vanquished.

Grand Total: 135 creatures vanquished

Notes
Turn   | Place    | Note
-------+----------+-------------------------------------------
     0 | D:1      | Illumine the Deep Dwarf Fighter began the quest for the
                  | Orb.
     0 | D:1      | Reached XP level 1. HP: 20/20 MP: 1/1
   126 | D:1      | Reached XP level 2. HP: 22/27 MP: 2/2
   146 | D:1      | Reached skill level 3 in Axes
   324 | D:1      | Reached XP level 3. HP: 26/33 MP: 3/3
   353 | D:1      | Found an iron altar of Okawaru.
   367 | D:1      | Became a worshipper of Warmaster Okawaru
   827 | D:2      | Reached skill level 1 in Dodging
   833 | D:2      | Reached XP level 4. HP: 32/40 MP: 4/4
   922 | D:2      | Found an iron altar of Okawaru.
  1580 | D:3      | Reached skill level 4 in Axes
  1665 | D:3      | Reached XP level 5. HP: 21/46 MP: 4/4
  2400 | D:4      | Reached XP level 6. HP: 48/55 MP: 4/4
  2486 | D:4      | Reached skill level 5 in Axes
  2487 | D:4      | You fall into a shaft and drop 3 floors!
  2511 | D:7      | Noticed an ice beast
  2526 | D:6      | Reached * piety under Okawaru
  2545 | D:6      | Noticed an orc warrior
  2562 | D:6      | Killed an orc warrior
  2562 | D:6      | Reached XP level 7. HP: 44/61 MP: 0/5
  2565 | D:6      | Reached skill level 5 in Shields
  2644 | D:6      | Reached skill level 6 in Axes
  2644 | D:6      | Reached skill level 5 in Armour
  2769 | D:6      | Reached ** piety under Okawaru
  2847 | D:5      | Entered Level 5 of the Dungeon
  2862 | D:5      | Found a transporter.
  2884 | D:5      | Found a transporter.
  2951 | D:5      | Found a sparkling altar of Nemelex Xobeh.
  2952 | D:5      | Noticed a red ugly thing
  3024 | D:5      | Found a staircase to the Ecumenical Temple.
  3035 | D:5      | Reached XP level 8. HP: 36/68 MP: 6/6
  3353 | D:5      | Found a shattered altar of Ashenzari.
  3417 | D:6      | Reached skill level 7 in Axes
  3626 | D:6      | Found a hazy altar of Hepliaklqana.
  4016 | D:7      | Slain by an orc warrior

Levels and vault maps discovered:
D:1:      psy_arrival_conway, layout_basic, minmay_hexomino_r4
D:2:      layout_basic, old_standard_altar
D:3:      layout_basic, minmay_fractal_squares_diagonal_5
D:4:      kennysheep_six_static_rooms, layout_cave_pools, serial_shops,
          kennysheep_mini, gup_sewer_entry_bowl, minivault_1
D:5:      layout_cave_pools, gammafunk_temple_overflow_arena, marbit_many_paths,
          minmay_temple_entry_sparse_star, first_ration,
          hangedman_decor_riveting
D:6:      layout_basic, kennysheep_little_box, minmay_misc_feat_enclosed
D:7:      layout_cave_pools, enter_bailey_2

Skill      XL: |  1  2  3  4  5  6  7  8 |
---------------+-------------------------+-----
Axes           | 3 4 5 6 7 |  7.5
Dodging        | 1 2 3 4 |  4.6
Shields        | 4 5 6 |  6.0
Armour         | 4 5 |  5.9
Fighting       | |  2.6

Action                   |  1- 3 |  4- 6 |  7- 9 || total
-------------------------+-------+-------+-------++-------
Melee: War axe           |   120 |   192 |   218 ||   530
Invok: Heroism           |       |     2 |     1 ||     3
 Abil: Heal Wounds       |     1 |     4 |     7 ||    12
  Use: Potion            |       |     1 |       ||     1
       Scroll            |       |     1 |     6 ||     7
  Eat: Ration            |       |     1 |       ||     1
       Chunk             |       |     2 |     5 ||     7
Armor: Scale mail        |    73 |    19 |       ||    92
       Chain mail        |       |   125 |   144 ||   269
Dodge: Dodged            |    54 |    61 |    61 ||   176
Block: Shield            |    83 |   125 |   126 ||   334
